 Dungeon Crawl Stone Soup version 0.30.1-4-g462c640d31 (webtiles) character file.

Game seed: 7373842845277282127

11 safid the Chiller (level 2, -1/21 HPs)
             Began as a Merfolk Ice Elementalist on Aug 21, 2023.
             Slain by a kobold
             ... wielding a +2 whip of electrocution
              (17 damage)
             ... on level 1 of the Dungeon.
             The game lasted 00:00:25 (287 turns).

safid the Chiller (Merfolk Ice Elementalist)         Turns: 287, Time: 00:00:25

Health: -1/21      AC:  3    Str:  8    XL:     2   Next: 29%
Magic:  5/5        EV: 12    Int: 14    God:
Gold:   3          SH:  0    Dex: 14    Spells: 4/5 levels left

rFire   . . .        c - +0 short sword
rCold   . . .        (no shield)
rNeg    . . .        a - +0 robe
rPois   .            (no helmet)
rElec   .            (no cloak)
rCorr   .            e - +0 pair of gloves
SInv    .            (no boots)
Will    .....        (no amulet)
Stlth   ++           (no ring)
HPRegen 0.23/turn    (no ring)
MPRegen 0.09/turn

%: no passive effects
@: no status effects
A: (nimble swimmer 2), mertail
a: no special abilities


You were on level 1 of the Dungeon.
You visited 1 branch of the dungeon, and saw 1 of its levels.

You collected 3 gold pieces.

Inventory:

Hand Weapons
 c - a +0 short sword (weapon)
Armour
 a - a +0 robe (worn)
 e - a +0 pair of gloves (worn)
Potions
 b - a potion of magic
 d - 2 potions of might {unknown}


   Skills:
 + Level 1.0 Fighting
 - Level 2.6 Dodging
 - Level 2.1 Stealth
 + Level 2.2 Spellcasting
 + Level 4.6 Ice Magic


You had 4 spell levels left.
You knew the following spells:

 Your Spells              Type           Power      Damage    Failure   Level
a - Freeze                Ice            56%        1d7       3%          1

Your spell library contained the following spells:

 Spells                   Type           Power      Damage    Failure   Level
 Frozen Ramparts          Ice            28%        1d5       11%         3
 Ozocubu's Armour         Ice            14%        N/A       11%         3
 Summon Ice Beast         Ice/Summ       8%         N/A       65%         4


Dungeon Overview and Level Annotations

Branches:
Dungeon (1/15)

Altars:


Innate Abilities, Weirdness & Mutations

((You are very nimble when in or above water. (Stealth+, EV+, Speed+++)))
Your lower body shifts to a powerful aquatic tail in water.


Message History

The bat barely misses you.
You hit the bat.
The bat is severely wounded.
The bat misses you. The bat misses you.
You closely miss the bat.
The bat is severely wounded.
The bat hits you but does no damage. The bat closely misses you.
The bat misses you.
You hit the bat but do no damage.
The bat is severely wounded.
The bat hits you but does no damage. The bat hits you but does no damage.
The bat closely misses you. The bat hits you but does no damage.
You hit the bat.
You kill the bat!
No target in view!
No target in view!
No target in view!
No target in view!
No target in view!
No target in view!
No target in view!
No target in view!
No target in view!
No target in view!
No target in view!
No target in view!
No target in view!
No target in view!
No target in view!
A kobold comes into view.
It is wielding a +2 whip of electrocution.
A kobold is nearby!
A kobold is nearby!
The kobold shouts!
The kobold hits you with a +2 whip of electrocution.
You are electrocuted!
Ouch! That really hurt!
You die...

######.##.##.#...## #...#...#
..........##.#...# #...#~.~#
######.......##..# #...#~.~#
##########..#### #...#~.≈# ≈
#......[>.##.. #...#~.~#≈§ #
###.######.###.# #...#~.~#§. ##
###...# #.# #.# #...#...#..
≈###...#.# #.###.# #..........
≈##..###.# #K@...# #..........
≈≈#.).##.# #####.# #..........
≈≈≈~~..#.####### #.# #..........
≈≈)P~..........# #.###.....<....
≈≈≈≈~P.....###.# #...#..........
.PP≈~~.~.P.....#####.############
~.≈≈≈P~P~P.......##..#......
..P≈≈≈≈≈~~≈P~.~~............
..P~P~≈≈≈≈≈~~~≈~~~~~~~~~~.~P


You could see a kobold.

Vanquished Creatures
  A dart slug (D:1)
  3 bats (D:1)
  A hobgoblin (D:1)
  A ball python (D:1)
  2 frilled lizards (D:1)
  2 kobolds (D:1)
10 creatures vanquished.

Notes
Turn   | Place    | Note
-------+----------+-------------------------------------------
     0 | D:1      | safid the Merfolk Ice Elementalist began the quest for the
                  | Orb.
     0 | D:1      | Reached XP level 1. HP: 13/13 MP: 3/3
   167 | D:1      | Reached XP level 2. HP: 11/20 MP: 1/5
   248 | D:1      | Reached skill level 1 in Fighting
   287 | D:1      | Slain by a kobold

Illustrated notes

Levels and vault maps discovered:
D:1:      lightli_arrival_quake, layout_loops_ring, kennysheep_crisscross,
          serial_park_tiny_2, chequers_big_river

Skill      XL: |  1  2 |
---------------+-------+-----
Fighting       | 1 |  1.0
Dodging        | |  2.6
Stealth        | |  2.1
Spellcasting   | |  2.2
Ice Magic      | |  4.6

Action                     || total
---------------------------++-------
  Melee: Short sword       ||    36
         Tailslap          ||     2
   Cast: Freeze            ||     2
   Stab: Sleeping          ||     1
 Armour: Robe              ||    14
  Dodge: Dodged            ||    31
